 Dungeon Crawl Stone Soup version 0.27-a0-95-g5a9077b8ae (webtiles) character file.

Game seed: 17685088435844437549

362046 timneilson the Peltast (level 22, -1/145 HPs)
             Began as a Gargoyle Fighter on Jan 18, 2021.
             Was the Champion of Okawaru.
             Killed from afar by an Ice Fiend (16 damage)
             ... with a bolt of cold
             ... summoned by a lich
             ... on level 4 of the Abyss.
             The game lasted 02:11:48 (51520 turns).

timneilson the Peltast (Gargoyle Fighter)          Turns: 51520, Time: 02:11:48

Health: -1/145     AC: 52    Str: 31    XL:     22   Next: 46%
Magic:  32/32      EV: 11    Int: 17    God:    Okawaru [******]
Gold:   1781       SH: 24    Dex: 11    Spells: 21/21 levels left

rFire    + . .     SeeInvis .   Z - +6 double sword (holy)
rCold    + + .     Faith    .   c - +1 kite shield
rNeg     + + .     Spirit   .   F - +0 plate armour
rPois    ∞         Reflect  +   D - +2 helmet
rElec    +         Harm     .   C - +2 cloak {rCorr}
rCorr    +         Rampage  .   S - +2 pair of gloves {Str+3}
Will     +....                  L - +0 pair of boots of the Last Runes {rC+ Int+4 Dex+3}
Stlth    ..........             w - amulet "Duhiunoz" {Reflect Dex+6 SH+5}
HPRegen  0.34/turn              T - ring of Mysticism {rC+ rN+ Int+6 Dex-3 Slay+2}
MPRegen  0.23/turn              z - ring "Riekk" {+Fly rF+ Stlth+}

@: heroism
A: big wings, [blurry vision 2], [clumsy 2], [dopey 2], negative energy
resistance 1, [screaming 2], electricity resistance, unbreathing, petrification
resistance, miasma immunity, AC +16
}: 2/15 runes: decaying, serpentine
a: Fly, Renounce Religion, Heroism, Finesse


You were on level 4 of the Abyss.
You worshipped Okawaru.
Okawaru was exalted by your worship.
You visited 8 branches of the dungeon, and saw 38 of its levels.
You visited the Abyss 1 time.
You visited 1 bazaar.
You also visited: Bailey and Gauntlet.

You collected 4500 gold pieces.
You spent 2719 gold pieces at shops.

Inventory:

Hand Weapons
 b - a +2 scimitar of flaming
 Z - a +6 double sword of holy wrath (weapon)
Armour
 c - a +1 kite shield (worn)
 C - a +2 cloak of preservation (worn)
 D - a +2 helmet (worn)
 F - a +0 plate armour (worn)
 L - the +0 pair of boots of the Last Runes (worn) {rC+ Int+4 Dex+3}
   (You acquired it on level 1 of the Lair of Beasts)

   It affects your intelligence (+4).
   It affects your dexterity (+3).
   It protects you from cold.
 S - a +2 pair of gloves of strength (worn)
Jewellery
 e - an uncursed ring of willpower
 w - the amulet "Duhiunoz" (around neck) {Reflect Dex+6 SH+5}
   (You bought it in a shop on level 3 of the Snake Pit)

   [amulet of reflection]

   It shields you and reflects attacks.
   It affects your dexterity (+6).
   It affects your SH (+5).
 z - the ring "Riekk" (right hand) {+Fly rF+ Stlth+}
   (You took it off a minotaur in a Gauntlet)

   [ring of stealth]

   It protects you from fire.
   It lets you fly.
   It makes you more stealthy.
 E - an uncursed ring of resist corrosion
 H - an uncursed ring of protection from fire
 J - an uncursed ring of protection from cold
 T - the ring of Mysticism (left hand) {rC+ rN+ Int+6 Dex-3 Slay+2}
   (You found it on level 2 of the Depths)

   [ring of intelligence]

   It affects your intelligence (+6).
   It affects your dexterity (-3).
   It affects your accuracy and damage with ranged weapons and melee attacks
   (+2).
   It protects you from cold.
   It protects you from negative energy.
Wands
 d - a wand of flame (47)
 i - a wand of polymorph (11)
 p - a wand of disintegration (33)
 u - a wand of digging (7)
 y - a wand of iceblast (52)
Scrolls
 h - 18 scrolls of teleportation
 k - 17 scrolls of remove curse
 l - 11 scrolls of identify
 n - 9 scrolls of fog
 s - 6 scrolls of enchant armour
 v - a scroll of blinking
 A - 8 scrolls of fear
 K - 3 scrolls of enchant weapon
 U - a scroll of summoning
 V - 2 scrolls of magic mapping
Potions
 f - a potion of cancellation
 j - a potion of brilliance
 m - 6 potions of haste
 o - 2 potions of invisibility
 q - 4 potions of might
 r - 8 potions of curing
 t - 4 potions of ambrosia
 B - 6 potions of berserk rage
 I - 7 potions of mutation
 O - 4 potions of attraction
 P - 3 potions of resistance
Miscellaneous
 a - a phantom mirror
 G - a condenser vane
 N - a tin of tremorstones (2/2)
 Q - a lightning rod (4/4)
 R - a box of beasts


   Skills:
 + Level 17.2(22.2) Fighting
 * Level 16.9(21.9) Long Blades
 * Level 19.8(24.8) Armour
 * Level 19.9(24.9) Shields
 + Level 14.0 Invocations
 + Level 12.5 Evocations


You had 21 spell levels left.
You didn't know any spells.
Your spell library contained the following spells:

 Spells                   Type           Power        Failure   Level
 Beastly Appendage        Tmut           0%           56%         1
 Corona                   Hex            0%           56%         1
 Foxfire                  Conj/Fire      0%           56%         1
 Freeze                   Ice            0%           56%         1
 Magic Dart               Conj           0%           56%         1
 Sting                    Tmut/Pois      0%           56%         1
 Summon Small Mammal      Summ           0%           56%         1
 Blink                    Tloc           N/A          71%         2
 Call Imp                 Summ           0%           71%         2
 Ensorcelled Hibernation  Hex/Ice        0%           71%         2
 Passwall                 Tmut/Erth      0%           71%         2
 Poisonous Vapours        Pois/Air       0%           71%         2
 Searing Ray              Conj           0%           71%         2
 Slow                     Hex            0%           71%         2
 Swiftness                Air            0%           71%         2
 Wereblood                Tmut           0%           71%         2
 Call Canine Familiar     Summ           0%           91%         3
 Confusing Touch          Hex            0%           91%         3
 Conjure Flame            Conj/Fire      0%           91%         3
 Dazzling Flash           Conj/Hex       0%           91%         3
 Frozen Ramparts          Ice            0%           91%         3
 Gell's Gravitas          Tloc           0%           91%         3
 Ignite Poison            Fire/Tmut/Pois 0%           91%         3
 Inner Flame              Hex/Fire       0%           91%         3
 Mephitic Cloud           Conj/Pois/Air  0%           91%         3
 Ozocubu's Armour         Ice            0%           91%         3
 Spider Form              Tmut/Pois      0%           91%         3
 Static Discharge         Conj/Air       0%           91%         3
 Summon Guardian Golem    Hex/Summ       0%           91%         3
 Tukima's Dance           Hex            0%           91%         3
 Animate Dead             Necr           0%           100%        4
 Fulminant Prism          Conj/Hex       0%           100%        4
 Hailstorm                Conj/Ice       0%           100%        4
 Ice Form                 Ice/Tmut       0%           100%        4
 Iskenderun's Mystic Bla  Conj/Tloc      0%           100%        4
 Leda's Liquefaction      Hex/Erth       0%           100%        4
 Passage of Golubria      Tloc           N/A          100%        4
 Petrify                  Tmut/Erth      0%           100%        4
 Sticky Flame             Conj/Fire      0%           100%        4
 Summon Ice Beast         Ice/Summ       0%           100%        4
 Summon Lightning Spire   Summ/Air       0%           100%        4
 Blade Hands              Tmut           0%           100%        5
 Bolt of Magma            Conj/Fire/Erth 0%           100%        5
 Borgnjor's Vile Clutch   Necr/Erth      0%           100%        5
 Fireball                 Conj/Fire      0%           100%        5
 Iskenderun's Battlesphe  Conj           0%           100%        5
 Lee's Rapid Deconstruct  Erth           0%           100%        5
 Lightning Bolt           Conj/Air       0%           100%        5
 Metabolic Englaciation   Hex/Ice        0%           100%        5
 Yara's Violent Unravell  Hex/Tmut       0%           100%        5
 Death Channel            Necr           0%           100%        6
 Freezing Cloud           Conj/Ice/Air   0%           100%        6
 Invisibility             Hex            0%           100%        6
 Iron Shot                Conj/Erth      0%           100%        6
 Ozocubu's Refrigeration  Ice            0%           100%        6
 Simulacrum               Ice/Necr       0%           100%        6
 Starburst                Conj/Fire      0%           100%        6
 Orb of Destruction       Conj           0%           100%        7
 Spellforged Servitor     Conj/Summ      0%           100%        7
 Ignition                 Fire           0%           100%        8
 Shatter                  Erth           0%           100%        9
 Tornado                  Air            0%           100%        9
 Statue Form              Tmut/Erth      Unusable     N/A         6

Dungeon Overview and Level Annotations

Branches:
Dungeon (15/15)            Temple (1/1) D:7            Lair (6/6) D:9
  Swamp (4/4) Lair:2        Snake (4/4) Lair:4        Slime (0/5) Lair:6
    Orc (2/2) D:12            Elf (0/3) Orc:2        Vaults (4/5) D:14
  Crypt (0/3) Vaults:3     Depths (2/5) D:15         Bailey (visited)
Gauntlet (visited)

Altars:
Ashenzari
Cheibriados
Dithmenos
Elyvilon
Fedhas
Gozag
Hepliaklqana
Kikubaaqudgha
Makhleb
Nemelex Xobeh
Okawaru
Qazlal
Ru
Sif Muna
Trog
Uskayaw
Vehumet
Wu Jian
Xom
Yredelemnul
Zin
The Shining One
Beogh

Shops:
D:9 !   D:11 (   D:13 !   D:14 ?   Orc:2 }[!!!   Snake:1 (?=   Snake:3 =}=

Portals:
Hell: Lair:6 Depths:1 Depths:2
Abyss: Depths:1
Ziggurat: Depths:2

Annotations:
D:8 3 runed translucent doors, runemasterragnar's ghost, novice OgMo
Lair:6 exclusion: 3 oklob plants
Snake:2 Donald
Orc:2 2 transporters, Coron's ghost, journeyman MiBe
Vaults:3 3 runed translucent doors, Tewud's ghost, journeyman FeIE; Vatovie's ghost, veteran MiFi


Innate Abilities, Weirdness & Mutations

You are resistant to torment.
Your stone body is resilient. (AC +16)
You are immune to poison.
Your large and strong wings let you fly indefinitely.
You resist negative energy. (rN+)
You are resistant to electric shocks. (rElec)
You can survive without breathing.
You are immune to petrification.
You are immune to miasma.
[Scrolls take you longer to read.]
[You are very clumsy. (Dex -4)]
[You are very dopey. (Int -4)]
[You sometimes yell uncontrollably at your foes.]


Message History

Unknown command.
Okay, then.
You hit something but do no damage. The Ice Fiend barely misses you.
The Ice Fiend claws you but does no damage.
You block something's attack.
You feel yourself growing ill in the presence of the ancient zyme.
You slash something!
The wretched star glows turbulently.
The lance of force hits you!!
* * * LOW HITPOINT WARNING * * *
You are knocked back by the lance of force.
You slam into the stone wall!
You block the Ice Fiend's attack. x2
Found a glowing shortbow and 19 gold pieces.
You hit the Ice Fiend.
The Ice Fiend convulses!
The Ice Fiend is lightly wounded.
You slash the Ice Fiend!
The Ice Fiend convulses.
The Ice Fiend is moderately wounded.
The Ice Fiend gestures at you. The bolt of cold hits you! You resist.
You die...

$. ..# . #.#...
#. ..#.. #.)
#.... . ..##.#.
## ....#..### #
#..#.#..#
.#.#.@.##. # .
##.#...1##..# ..
#.#.#*.X##.##
##.
#...###x....§..#
#$...#...# x##
#....*§#.##..##
#..##§...#....#
#.. . ....#.#.
.. .wX#. #.#.#


You could see an Ice Fiend (summoned), a tentacled starspawn, a wretched star
and an ancient zyme.

Vanquished Creatures
  Mara (Snake:4)
  Sojobo (Depths:1)
  Bai Suzhen (Depths:1)
  Saint Roka (Depths:1)
  Vashnia (Snake:2)
  Jorgrun (D:15)
  Rupert (Lair:4)
  A tentacled monstrosity (Vaults:1)
  A lich (Vaults:3)
  A deep elf blademaster (Depths:2)
  A sphinx (Vaults:3)
  2 tengu reavers (Depths:1)
  Gastronok (Lair:2)
  A storm dragon (D:15)
  Kirke (Lair:4)
  3 fire giants
  7 nagarajas
  A deep elf sorcerer (Vaults:4)
  7 vault wardens
  2 frost giants
  9 ironheart preservers
  3 very ugly things (Depths:1)
  7 stone giants
  Azrael (D:13)
  Nessos (Lair:4)
  A minotaur (Gauntlet)
  2 entropy weavers (Vaults:2)
  4 bunyips
  A deep elf annihilator (Vaults:4)
  3 dire elephants
  3 eleionomae
  11 ettins
  The ghost of Vuirau the Carver, a journeyman DsGl of Okawaru (D:15)
  3 great orbs of eyes
  7 yaktaur captains
  2 jiangshi (Depths:1)
  3 shambling mangroves
  Josephine (D:12)
  29 hydras
  A deep elf high priest (Depths:2)
  17 naga warriors
  2 ice dragons
  3 rakshasas
  3 vault guards
  12 centaur warriors
  A death knight (Vaults:3)
  A ghost crab (Swamp:4)
  6 boulder beetles
  Erica (Lair:2)
  12 ogre magi
  A catoblepas (Lair:6)
  7 alligators
  11 anacondas
  2 death yaks
  6 deep troll shamans
  46 two-headed ogres
  5 deep troll earth magi
  A tengu warrior (Depths:2)
  An orc high priest (Bailey)
  19 naga sharpshooters
  4 shock serpents (Snake:4)
  A vampire mage (Depths:1)
  Urug (D:10)
  7 spriggan berserkers
  A deep elf knight (Swamp:3)
  7 spriggans
  A soul eater (Depths:1)
  A fire crab (shapeshifter) (D:13)
  3 iron trolls (Depths:1)
  3 salamander mystics
  4 large abominations (Abyss:4)
  3 goliath frogs
  A skeletal warrior (Vaults:3)
  7 naga ritualists
  A sixfirhy (Lair:6)
  A spatial maelstrom (Abyss:4)
  4 unseen horrors
  4 spriggan druids
  11 swamp dragons
  2 phantasmal warriors
  13 sea snakes
  2 flayed ghosts (Vaults:3)
  17 deep trolls
  3 glowing orange brains
  2 wizards
  2 bog bodies (Swamp:3)
  3 deep elf archers
  A harpy (D:15)
  9 orc knights
  3 deep elf magi
  A harpy (shapeshifter) (D:15)
  Pikel (D:9)
  9 ironbrand convokers
  A necromancer (Vaults:1)
  9 orc sorcerers
  6 wolf spiders
  36 ugly things
  14 mana vipers
  3 manticores
  6 cyclopes
  12 salamanders
  A salamander (shapeshifter) (Vaults:2)
  A moth of wrath (Gauntlet)
  5 will-o-the-wisps
  A frost giant skeleton (Vaults:1)
  2 black mambas (shapeshifter)
  34 black mambas
  16 naga magi
  4 elephants
  3 orange demons (Lair:6)
  A torpor snail (Lair:5)
  A guardian serpent (shapeshifter) (D:14)
  A cane toad (shapeshifter) (Vaults:2)
  5 spectral swamp worms (Depths:2)
  A torpor snail (shapeshifter) (Gauntlet)
  11 vault sentinels
  11 guardian serpents
  2 gargoyles
  11 rime drakes
  8 centaur skeletons
  17 cane toads
  2 rime drakes (shapeshifter) (D:14)
  10 komodo dragons
  7 kobold demonologists
  A komodo dragon (shapeshifter) (Vaults:3)
  26 yaktaurs
  3 freezing wraiths
  7 starcursed masses (Abyss:4)
  An efreet (D:15)
  An ancient zyme (Abyss:4)
  2 tengu conjurers (Depths:1)
  A yaktaur (shapeshifter) (Vaults:2)
  8 red devils
  2 hellwings
  5 polar bears
  A meliai (shapeshifter) (Depths:1)
  7 trolls
  8 tyrant leeches
  A queen bee (Lair:3)
  A meliai (D:12)
  12 hornets
  Prince Ribbit (D:9)
  A jumping spider (Vaults:2)
  A wind drake (shapeshifter) (Vaults:2)
  A dream sheep (Lair:6)
  7 blink frogs
  A raiju (shapeshifter) (Vaults:2)
  20 slime creatures
  A spriggan (shapeshifter) (Depths:2)
  A tarantella (shapeshifter) (D:14)
  3 redbacks (Vaults:2)
  4 wyverns
  3 shadows
  9 wraiths
  30 yaks
  2 fire elementals (D:13)
  A human (shapeshifter) (Depths:2)
  2 hogs (Lair:4)
  A basilisk (shapeshifter) (Vaults:3)
  11 vampire mosquitoes
  A yaktaur simulacrum (Vaults:1)
  Grum (D:9)
  A warg (shapeshifter) (Gauntlet)
  7 basilisks
  2 steam dragons
  A spatial vortex (Abyss:4)
  10 wargs
  58 nagas
  16 swamp worms
  12 hell hounds
  20 water moccasins
  A small abomination (Abyss:4)
  3 acid dragons
  5 sky beasts
  A meliai simulacrum (D:15)
  5 black bears
  30 orc warriors
  4 ice beasts
  10 swamp drakes
  3 necrophages
  25 ogres
  4 phantoms
  4 boggarts (Vaults:3)
  53 wolves
  29 centaurs
  3 lemures (D:9)
  An elf zombie (D:14)
  7 big kobolds
  17 bullfrogs
  A water moccasin zombie (D:6)
  3 scorpions
  A troll zombie (D:14)
  A hornet simulacrum (D:14)
  21 killer bees
  11 wights
  4 howler monkeys
  9 electric eels
  4 crimson imps
  3 bullfrog zombies
  5 centaur zombies
  3 hounds
  3 human zombies
  33 orc wizards
  8 orc priests
  4 bullfrog skeletons
  5 jellies
  3 human skeletons
  9 worker ants
  3 iguanas
  A killer bee zombie (D:9)
  3 mummies
  A worker ant zombie (D:8)
  17 gnolls
  9 adders
  A howler monkey skeleton (D:11)
  3 shadow imps
  3 white imps
  4 ufetubi
  7 oozes
  An adder zombie (D:7)
  A worm (D:5)
  3 dart slugs (D:1)
  3 leopard geckos
  115 orcs
  A ball python (D:3)
  2 giant cockroaches
  19 goblins
  15 hobgoblins
  6 jackals
  24 kobolds
  4 quokkas
  7 bats
  4 frilled lizards
  3 orc skeletons
  A quokka skeleton (D:4)
  8 rats
1582 creatures vanquished.

Vanquished Creatures (others)
  A naga sharpshooter (Snake:3)
  A bloated husk (Swamp:2)
  A boggart (Vaults:3)
  2 ogres
  A jelly (D:15)
  An iguana (D:12)
  A small abomination (Abyss:4)
  4 orcs
  40 foxfires
  30 fungi
  79 plants
  4 starspawn tentacles (Abyss:4)
  6 withered plants (Vaults:3)
171 creatures vanquished.

Grand Total: 1753 creatures vanquished

Notes
Turn   | Place    | Note
-------+----------+-------------------------------------------
     0 | D:1      | timneilson the Gargoyle Fighter began the quest for the
                  | Orb.
     0 | D:1      | Reached XP level 1. HP: 14/14 MP: 1/1
   109 | D:1      | Reached XP level 2. HP: 19/19 MP: 2/2
   486 | D:1      | Reached XP level 3. HP: 23/23 MP: 3/3
  1183 | D:2      | Found a faded altar of an unknown god.
  1203 | D:2      | Reached XP level 4. HP: 28/28 MP: 4/4
  1894 | D:3      | Noticed a centaur
  1907 | D:3      | Killed a centaur
  1908 | D:3      | Reached XP level 5. HP: 16/33 MP: 5/5
  2360 | D:3      | Reached skill level 1 in Evocations
  2694 | D:4      | Found a radiant altar of Vehumet.
  2756 | D:4      | Reached XP level 6. HP: 28/38 MP: 6/6
  3325 | D:5      | Entered Level 5 of the Dungeon
  3338 | D:5      | Reached skill level 5 in Armour
  3492 | D:5      | Noticed a phantom
  3532 | D:5      | Killed a phantom
  3533 | D:5      | Reached skill level 5 in Shields
  3533 | D:5      | Reached XP level 7. HP: 40/43 MP: 7/7
  4133 | D:5      | Found a shadowy altar of Dithmenos.
  4495 | D:6      | Reached XP level 8. HP: 32/48 MP: 8/8
  4694 | D:6      | Found a white marble altar of Elyvilon.
  4950 | D:6      | Found an opulent altar of Gozag.
  5071 | D:7      | Found a staircase to the Ecumenical Temple.
  5081 | Temple   | Entered the Ecumenical Temple
  5093 | Temple   | Became a worshipper of Warmaster Okawaru
  5533 | D:7      | Found a snail-covered altar of Cheibriados.
  5754 | D:7      | Reached skill level 5 in Fighting
  6072 | D:8      | Found a runed translucent gate.
  6072 | D:8      | Found a runed translucent gate.
  6074 | D:8      | Found a runed translucent gate.
  6074 | D:8      | Noticed a deep elf mage
  6074 | D:8      | Noticed runemasterragnar's ghost (novice OgMo)
  6074 | D:8      | Noticed a two-headed ogre
  6120 | D:8      | Reached skill level 5 in Long Blades
  6173 | D:8      | Reached * piety under Okawaru
  6300 | D:8      | Found a sacrificial altar of Ru.
  6345 | D:8      | Reached XP level 9. HP: 54/54 MP: 9/9
  6881 | D:9      | Reached skill level 1 in Invocations
  6894 | D:9      | Reached ** piety under Okawaru
  7196 | D:9      | Noticed a troll
  7209 | D:9      | Killed a troll
  7316 | D:9      | Noticed Prince Ribbit
  7338 | D:9      | Killed Prince Ribbit
  7473 | D:9      | Reached XP level 10. HP: 41/60 MP: 11/11
  7589 | D:9      | Found a staircase to the Lair.
  7640 | D:9      | Noticed Grum
  7781 | D:9      | Found a hazy altar of Hepliaklqana.
  7844 | D:9      | Killed Grum
  7845 | D:9      | Found Kytofet's Distillery.
  7921 | D:9      | Reached *** piety under Okawaru
  8174 | D:9      | Noticed Pikel
  8439 | D:9      | Found a basalt altar of Yredelemnul.
  8439 | D:9      | Found a blossoming altar of Fedhas.
  8497 | D:9      | Killed Pikel
  8745 | D:10     | Entered Level 10 of the Dungeon
  8855 | D:10     | Noticed Urug
  8887 | D:10     | Killed Urug
  8929 | D:10     | Killed an unseen horror
  8929 | D:10     | Reached **** piety under Okawaru
  8930 | D:10     | Reached XP level 11. HP: 15/66 MP: 13/13
  9656 | D:11     | Found Vutiqaam's Weapon Shop.
  9656 | D:11     | Noticed a two-headed ogre
  9696 | D:11     | Noticed a manticore
  9710 | D:11     | Killed a manticore
  9711 | D:11     | Reached skill level 5 in Evocations
  9973 | D:11     | Reached skill level 10 in Armour
  9984 | D:11     | Reached skill level 10 in Shields
 10290 | D:11     | Killed an unseen horror
 10575 | D:11     | Killed a two-headed ogre
 10575 | D:11     | Reached ***** piety under Okawaru
 10689 | D:11     | Noticed a two-headed ogre
 10696 | D:11     | Killed a two-headed ogre
 10819 | D:11     | Reached skill level 5 in Invocations
 10855 | D:11     | Noticed a purple ugly thing
 10900 | D:11     | Killed a purple ugly thing
 10951 | D:11     | Noticed an ogre mage
 10952 | D:11     | Noticed an ogre mage
 10962 | D:11     | Killed an ogre mage
 10963 | D:11     | Reached XP level 12. HP: 69/73 MP: 13/15
 10971 | D:11     | Killed an ogre mage
 11120 | D:11     | Found a white marble altar of Elyvilon.
 11410 | D:12     | Found a burning altar of Makhleb.
 11448 | D:12     | Noticed Josephine
 11485 | D:12     | Killed Josephine
 11506 | D:12     | Received a gift from Okawaru
 11514 | D:12     | Found a gate leading to a gauntlet.
 11521 | Gauntlet | Entered a Gauntlet
 11521 | Gauntlet | Found a transporter.
 11521 | Gauntlet | Found a transporter.
 11734 | Gauntlet | Noticed a fire dragon
 11734 | Gauntlet | a slime creature changed into a fire dragon
 11767 | Gauntlet | a fire dragon changed into a slime creature
 11775 | Gauntlet | Found a transporter.
 11776 | Gauntlet | Found a transporter.
 11776 | Gauntlet | Noticed a satyr
 11776 | Gauntlet | a slime creature changed into a satyr
 11779 | Gauntlet | Found a transporter.
 11787 | Gauntlet | Found a transporter.
 11788 | Gauntlet | Found a transporter.
 11790 | Gauntlet | Found a transporter.
 11790 | Gauntlet | Found a transporter.
 11791 | Gauntlet | Found the +8 trident of the Octopus King {venom, rElec
                  | rPois Will+}
 11792 | Gauntlet | Noticed a cacodemon
 11797 | Gauntlet | Noticed a dire elephant
 11798 | Gauntlet | Found a transporter.
 11801 | Gauntlet | Found a transporter.
 11873 | Gauntlet | Noticed a great orb of eyes
 11884 | Gauntlet | Found a transporter.
 12010 | Gauntlet | Noticed a five-headed hydra
 12070 | Gauntlet | Noticed a queen ant
 12070 | Gauntlet | a six-headed hydra changed into a queen ant
 12110 | Gauntlet | Noticed a catoblepas
 12110 | Gauntlet | a queen ant changed into a catoblepas
 12114 | Gauntlet | Noticed an emperor scorpion
 12114 | Gauntlet | a catoblepas changed into an emperor scorpion
 12254 | Gauntlet | Noticed a five-headed hydra
 12254 | Gauntlet | an emperor scorpion changed into a five-headed hydra
 12255 | Gauntlet | a five-headed hydra changed into a tyrant leech
 12280 | Gauntlet | Noticed an anaconda
 12280 | Gauntlet | a tyrant leech changed into an anaconda
 12297 | Gauntlet | an anaconda changed into a deep troll
 12603 | Gauntlet | Killed a dire elephant
 12620 | Gauntlet | Got a smoking cloak
 12623 | Gauntlet | Identified the +1 cloak "Ludwoh" {+Blink rCorr Str-3 Dex-4}
                  | (You found it in a Gauntlet)
 12638 | Gauntlet | Identified the +1 chain mail of Somewhere Else {+Fly rC+
                  | Regen+ Dex-3}
 12638 | Gauntlet | Identified the ring "Riekk" {+Fly rF+ Stlth+}
 12638 | Gauntlet | Noticed a minotaur
 12663 | Gauntlet | Killed a minotaur
 12983 | D:12     | Found a staircase to the Orcish Mines.
 13104 | D:12     | Received a gift from Okawaru
 14307 | D:12     | Reached XP level 13. HP: 79/79 MP: 17/17
 14904 | D:12     | Received a gift from Okawaru
 15375 | D:13     | Noticed Azrael
 15427 | D:13     | Killed Azrael
 15428 | D:13     | Reached skill level 10 in Long Blades
 15698 | D:13     | Found Emmir's Distillery.
 16467 | D:14     | Received a gift from Okawaru
 16562 | D:14     | Found a flagged portal.
 16620 | Bailey   | Entered a bailey
 16689 | Bailey   | Found an iron altar of Okawaru.
 17188 | Bailey   | Acquired a manual of Fighting
 17356 | D:14     | Found a shimmering altar of Xom.
 17731 | Lair:1   | Entered Level 1 of the Lair of Beasts
 17740 | Lair:1   | Received a gift from Okawaru
 18441 | Lair:1   | Acquired the +0 pair of boots of the Last Runes {rC+ Int+4
                  | Dex+3}
 18689 | Lair:2   | Gained mutation: Your large and strong wings let you fly
                  | indefinitely. [Gargoyle growth]
 18689 | Lair:2   | Reached XP level 14. HP: 77/87 MP: 16/19
 18822 | Lair:2   | Noticed Gastronok
 18855 | Lair:2   | Killed Gastronok
 18855 | Lair:2   | Received a gift from Okawaru
 18856 | Lair:2   | Reached skill level 10 in Fighting
 19382 | Lair:2   | Noticed Erica
 19396 | Lair:2   | Killed Erica
 19998 | Lair:2   | Found a staircase to the Swamp.
 20643 | Lair:3   | Received a gift from Okawaru
 22333 | Lair:4   | Found an ancient bone altar of Kikubaaqudgha.
 22350 | Lair:4   | Noticed Nessos
 22355 | Lair:4   | Killed Nessos
 22355 | Lair:4   | Received a gift from Okawaru
 22593 | Lair:4   | Noticed Kirke
 22596 | Lair:4   | Noticed Rupert
 22611 | Lair:4   | Killed Kirke
 22612 | Lair:4   | Reached XP level 15. HP: 92/94 MP: 14/21
 22613 | Lair:4   | Paralysed by Rupert for 7 turns
 22638 | Lair:4   | Killed Rupert
 22943 | Lair:4   | Found a staircase to the Snake Pit.
 24140 | Lair:6   | Entered Level 6 of the Lair of Beasts
 24234 | Lair:6   | Found a staircase to the Slime Pits.
 24923 | Lair:6   | Reached ****** piety under Okawaru
 24923 | Lair:6   | Received a gift from Okawaru
 25170 | Lair:6   | Found a burning altar of Makhleb.
 25194 | Lair:6   | Found a gateway to Hell.
 25946 | Orc:1    | Entered Level 1 of the Orcish Mines
 26220 | Orc:2    | Entered Level 2 of the Orcish Mines
 26248 | Orc:2    | Found Qaoraq's Distillery.
 26270 | Orc:2    | Found a staircase to the Elven Halls.
 26271 | Orc:2    | Found a radiant altar of Vehumet.
 26292 | Orc:2    | Found a transporter.
 26297 | Orc:2    | Noticed Coron's ghost (journeyman MiBe)
 26303 | Orc:2    | Found a flickering gateway to a bazaar.
 26391 | Bazaar   | Entered a bazaar
 26395 | Bazaar   | Found Tynnocuq's Jewellery Boutique.
 26415 | Bazaar   | Found Qathyen's Antique Weapon Shoppe.
 26432 | Bazaar   | Found Qehuos's Antique Weapon Boutique.
 26449 | Bazaar   | Found Ofitt's Antique Armour Emporium.
 26454 | Bazaar   | Bought an embroidered cloak for 127 gold pieces
 26454 | Bazaar   | Bought a glowing helmet for 127 gold pieces
 26494 | Bazaar   | Bought the amulet of Modesty {+Fly rF+++ Regen+ Str+2
                  | Dex-3} for 792 gold pieces
 26629 | Orc:2    | Paralysed by an orc sorcerer for 4 turns
 26757 | Orc:2    | Found a roughly hewn altar of Beogh.
 26773 | Orc:2    | Reached XP level 16. HP: 102/102 MP: 23/23
 26816 | Orc:2    | Found Jirag's Distillery.
 26816 | Orc:2    | Found Yptoenev's Distillery.
 26916 | Orc:2    | Found Aroggemn's Gadget Emporium.
 26916 | Orc:2    | Found Qaqenum's Armour Shop.
 26921 | Orc:2    | Bought a condenser vane for 440 gold pieces
 26921 | Orc:2    | Bought a tin of tremorstones (2/2) for 440 gold pieces
 27282 | Orc:2    | Found a transporter.
 27596 | D:14     | Found a basalt altar of Yredelemnul.
 27787 | D:14     | Found a gate to the Vaults.
 27891 | D:14     | Found Lutwuto's Magic Scroll Shoppe.
 28081 | D:15     | Entered Level 15 of the Dungeon
 28392 | D:15     | Found a glowing silver altar of Zin.
 28458 | D:15     | Received a gift from Okawaru
 28528 | D:15     | Noticed Jorgrun
 28550 | D:15     | Killed Jorgrun
 28551 | D:15     | Reached skill level 15 in Armour
 28551 | D:15     | Reached skill level 15 in Shields
 28850 | D:15     | Found a runed translucent gate.
 28850 | D:15     | Found a runed translucent gate.
 28850 | D:15     | Found a runed translucent gate.
 28857 | D:15     | Noticed a storm dragon
 28858 | D:15     | Noticed Vuirau's ghost (journeyman DsGl)
 29020 | D:15     | Found a staircase to the Depths.
 29044 | D:15     | Reached skill level 10 in Invocations
 29948 | Swamp:1  | Entered Level 1 of the Swamp
 31195 | Swamp:2  | Identified the Handbook of Freezing Moulding
 31271 | Swamp:2  | Received a gift from Okawaru
 31274 | Swamp:2  | Got a pair of smoking gloves {god gift}
 31300 | Swamp:2  | Identified the +0 pair of gloves "Sieweta" {Harm rElec rF+}
                  | (Okawaru gifted it to you on level 2 of the Swamp)
 32094 | Swamp:3  | Reached XP level 17. HP: 99/109 MP: 24/24
 32672 | Swamp:3  | HP: 4/109 [deep elf knight/lance of force (28)]
 33081 | Swamp:4  | Entered Level 4 of the Swamp
 33334 | Swamp:4  | Got a decaying rune of Zot
 34170 | Snake:1  | Entered Level 1 of the Snake Pit
 34293 | Snake:1  | Received a gift from Okawaru
 34574 | Snake:1  | Found Enegi's Jewellery Boutique.
 34576 | Snake:1  | Found Jicy's Magic Scroll Shop.
 34579 | Snake:1  | Found Biotex's Antique Weapon Boutique.
 34782 | Snake:1  | Reached skill level 10 in Evocations
 35630 | Snake:1  | Received a gift from Okawaru
 35848 | Snake:2  | Reached XP level 18. HP: 68/117 MP: 26/26
 36125 | Snake:2  | Noticed Vashnia
 36144 | Snake:2  | Killed Vashnia
 37545 | Snake:3  | Noticed Donald
 38655 | Snake:3  | Reached skill level 15 in Fighting
 38832 | Snake:3  | Found Nica's Jewellery Shoppe.
 38832 | Snake:3  | Found Ohuh Ovo's Gadget Boutique.
 38834 | Snake:3  | Found Elauxaf's Jewellery Shoppe.
 38851 | Snake:3  | Bought the amulet "Duhiunoz" {Reflect Dex+6 SH+5} for 793
                  | gold pieces
 38980 | Snake:4  | Entered Level 4 of the Snake Pit
 39033 | Snake:4  | Received a gift from Okawaru
 39128 | Snake:4  | Received a gift from Okawaru
 39147 | Snake:4  | Identified the +1 chain mail "Hedusaf" {Rampage rF- Will++
                  | Dex+3} (Okawaru gifted it to you on level 4 of the Snake
                  | Pit)
 40242 | Snake:4  | Reached XP level 19. HP: 119/124 MP: 27/27
 40394 | Snake:4  | Received a gift from Okawaru
 40454 | Snake:4  | Got a serpentine rune of Zot
 40815 | Snake:4  | Noticed Mara
 40852 | Snake:4  | Killed Mara
 40852 | Snake:4  | Received a gift from Okawaru
 41497 | Depths:1 | Entered Level 1 of the Depths
 41571 | Depths:1 | Reached skill level 15 in Long Blades
 41590 | Depths:1 | Received a gift from Okawaru
 41600 | Depths:1 | Noticed Sojobo
 42005 | D:15     | Killed Vuirau's ghost
 42027 | D:15     | Got a fine silver ring
 42043 | D:15     | Identified the ring "Bixiraxko" {*Tele rElec} (You found it
                  | on level 15 of the Dungeon)
 42253 | Depths:1 | Killed Sojobo
 42338 | Depths:1 | Found a one-way gate to the infinite horrors of the Abyss.
 42338 | Depths:1 | Found an iron altar of Okawaru.
 42427 | Depths:1 | Noticed Bai Suzhen
 42485 | Depths:1 | Killed Bai Suzhen
 42486 | Depths:1 | Reached XP level 20. HP: 36/131 MP: 26/29
 42593 | Depths:1 | Noticed Saint Roka
 43051 | Depths:1 | Killed Saint Roka
 43943 | Depths:1 | Found a bloodstained altar of Trog.
 44695 | Depths:2 | Found a gateway to a ziggurat.
 44790 | Depths:2 | Received a gift from Okawaru
 44913 | Depths:2 | Got a crude lead ring
 44915 | Depths:2 | Identified the ring of Mysticism {rC+ rN+ Int+6 Dex-3
                  | Slay+2} (You found it on level 2 of the Depths)
 45200 | Vaults:1 | Entered Level 1 of the Vaults
 45596 | Vaults:1 | Reached XP level 21. HP: 137/137 MP: 30/30
 45678 | Vaults:1 | Received a gift from Okawaru
 47557 | Vaults:2 | Received a gift from Okawaru
 48973 | Vaults:3 | HP: 3/138 [wizard/fireball (5)]
 49520 | Vaults:3 | Found a runed translucent gate.
 49520 | Vaults:3 | Found a runed translucent gate.
 49521 | Vaults:3 | Found a runed translucent gate.
 49550 | Vaults:3 | You fall into a shaft and drop 1 floor!
 49607 | Vaults:3 | Reached XP level 22. HP: 144/144 MP: 32/32
 49628 | Vaults:3 | Paralysed by an ogre mage for 6 turns
 50705 | Vaults:3 | Found a staircase to the Crypt.
 50705 | Vaults:3 | Found a basalt altar of Yredelemnul.
 50706 | Vaults:3 | Found an ancient bone altar of Kikubaaqudgha.
 50956 | Vaults:3 | Noticed Tewud's ghost (journeyman FeIE)
 50956 | Vaults:3 | Noticed Vatovie's ghost (veteran MiFi)
 51407 | Vaults:4 | Received a gift from Okawaru
 51421 | Vaults:4 | Cast into level 4 of the Abyss (a lich)
 51447 | Abyss:4  | Paralysed by accursed screaming for 2 turns
 51520 | Abyss:4  | Killed from afar by an Ice Fiend

Illustrated notes

Levels and vault maps discovered:
D:1:      elethiomel_arrival_infinity_welcomes_careful_drivers, layout_basic
D:2:      layout_basic, chequers_ecumenical_altar_twisty
D:3:      layout_rooms, hangedman_decor_points
D:4:      layout_basic, vehumet_crystals, bh_walls_and_bars
D:5:      layout_rooms, grunt_dithmenos_shadows
D:6:      layout_basic, lemuel_coloured_pillars_altar, kennysheep_mini
D:7:      layout_basic, slow_altar_1, minmay_temple_entry_glass
D:8:      layout_basic, nicolae_ru_awakened_eye, gammafunk_ghost_split
D:9:      layout_long_grid, gammafunk_temple_overflow_wave,
          lemuel_crystal_altar, grunt_lair_entry_orc_guard_hut, serial_shops,
          shop, minmay_fire_ice_demons, uniq_grum, uniq_pikel,
          uniq_prince_ribbit1
D:10:     layout_roguey, uniq_urug
D:11:     minmay_slanted_spiral_squares, layout_irregular_city, serial_shops,
          nicolae_shop_temple_entry_statues_fountains, elyvilon_altar_5
D:12:     layout_basic, david_orc_2, serial_glass, glass_columns_a,
          glass_columns_a, glass_columns_b, glass_columns_b, glass_columns_a,
          glass_columns_b, glass_columns_a, glass_columns_a, basic_altar,
          gauntlet_entry_generic, minmay_diamond_spiral, uniq_josephine
D:13:     layout_long_grid, serial_shops, nicolae_shop_crystal, drop_trap,
          uniq_azrael
D:14:     layout_loops_ring, david_vaults_2, serial_shops, shop,
          lemuel_mausoleum_altar_yredelemnul, enter_bailey_5, tgw_xom
D:15:     hangedman_depths_entry_try_elsewhere_first, layout_irregular_city,
          gammafunk_ghost_split, minmay_misc_feat_chi, minivault_24,
          minmay_ruined_shrine, uniq_jorgrun
Temple:   cyrus_circular_temple
Lair:1:   layout_cave_pods, chequers_serial_rivers_micro_d, minivault_24,
          grunt_megastairs_2
Lair:2:   layout_chaotic_city, minmay_swamp_entry_reptiles,
          chequers_serial_rivers_micro_e, serial_bayou_lagoon_a, minivault_19,
          grunt_forest_large_clearings, grunt_megastairs_5, uniq_erica,
          uniq_gastronok
Lair:3:   layout_cave_pods, special_room [special_room_bee],
          chequers_serial_rivers_small_a, cheibrodos_lair_reptile_den,
          infiniplex_staircase_pool
Lair:4:   layout_gridlike, minmay_snake_entry_spellcaster, basic_altar,
          lemuel_fruit_tree, uniq_kirke, uniq_nessos, uniq_rupert
Lair:5:   layout_loops_ring, serial_rivers, chequers_serial_rivers_room_b,
          chequers_serial_rivers_small_b, chequers_serial_rivers_micro_d,
          chequers_serial_rivers_micro_c
Lair:6:   evil_forest, layout_regular_city, nicolae_slime_entry_slimehenge,
          minmay_lair_drake_nest, minmay_lair_oklob_chamber
Swamp:1:  layout_basic_swamp, infiniplex_staircase_pool_2, swamp_pool3,
          water_boxes_lemuel
Swamp:2:  layout_basic_swamp, nicolae_swamp_stair_fork, swamp_pool1,
          hangedman_swamp_lotus
Swamp:3:  cheibrodos_swamp_heart_of_darkness, layout_falls_marsh,
          nicolae_swamp_feature_on_the_river_bank
Swamp:4:  swamp, layout_basic_swamp
Snake:1:  layout_basic, minmay_shop_star, grunt_megastairs_4
Snake:2:  layout_chambers, uniq_vashnia
Snake:3:  layout_gridlike, minmay_shop_grove, serial_bayou_shore_b, uniq_donald
Snake:4:  grunt_snake_rune_pools, layout_onion_interference,
          serial_bayou_pond_c, guppyfry_snake_island, uniq_mara
Orc:1:    layout_caves
Orc:2:    st_orc_town, layout_diamond_mine, serial_shops, bzr_entry_lakeside,
          shop, basic_altar, gammafunk_ghost_stat_death
Vaults:1: grunt_vaults_twisty, hangedman_vaults_stream, nicolae_vaults_asterisk,
          hangedman_vaults_stagger, nicolae_vaults_halls_meeting,
          hangedman_vaults_maws, v_alt_pattern_2, vaults_dpeg_hooks,
          hangedman_vaults_variations, layout_vaults_ring
Vaults:2: v_misc_29, vaults_room_octagon, nicolae_vaults_network_barrier,
          nicolae_vaults_little_ls, nicolae_vaults_ring_of_whatevers,
          vaults_room_large_hall, ontoclasm_vaults_idyll,
          dpeg_vaults_monster_box, nicolae_vaults_disjoint_gnomons,
          nicolae_vaults_theta, nicolae_vaults_little_squares_5,
          vaults_mumra_chevron, v_misc_30, layout_vaults_omnibox
Vaults:3: gammafunk_vaults_ghost_cemetery, nicolae_vaults_little_squares_5,
          ontoclasm_vaults_eye, nicolae_vaults_back_hallway, st_star,
          ontoclasm_vaults_ring_small, hangedman_vaults_stretched_pinwheel,
          minmay_crypt_entry_necro_gods, layout_vaults_big_room
Vaults:4: gammafunk_vaults_ghost_split, nicolae_vaults_little_squares_4,
          nicolae_vaults_arrows, vaults_room_grid, vaults_room_corners,
          nicolae_vaults_alarming, hangedman_vaults_corner_blocks, v_misc_12,
          nicolae_vaults_stairing_the_circle, grunt_vaults_hallway_short,
          vaults_room_hallway, ontoclasm_vaults_chip,
          nicolae_vaults_little_squares_2, layout_vaults_omnicross
Depths:1: layout_cave_pools, okawaru_ov_weapons_minmay, hellmouth_3,
          abyss_entry, evilmike_spriggan_trog_shrine, uniq_bai_suzhen,
          uniq_saint_roka, uniq_sojobo
Depths:2: grunt_double_whammy, layout_small_grid, enter_ziggurat_e,
          minivault_14, pf_hell_entry_tar_river, infiniplex_staircase_star
Abyss:4:  base: Crypt:1, evilmike_abyss_exit_1,
          hangedman_abyss_or_decor_jellyfish_corner,
          dshaligram_kb_abyss_rune_zappy_water_cross, hangedman_abyss_sting,
          due_exit_kobolds

Skill      XL: |  1  2  3  4  5  6  7  8  9 10 11 12 13 14 15 16 17 18 19 20 21 22 |
---------------+-------------------------------------------------------------------+-----
Long Blades    | 2 3 4 5 6 7 8 9 10 11 12 13 14 15 16 | 16.9
Armour         | 4 5 6 7 8 9 10 11 12 13 14 15 16 17 18 19 | 19.8
Shields        | 4 5 7 8 9 10 11 12 13 14 15 16 17 18 19 | 19.9
Evocations     | 1 2 3 4 5 6 7 8 9 10 11 12 | 12.5
Fighting       | 4 5 6 7 8 9 11 12 13 14 15 16 17 | 17.2
Invocations    | 2 3 5 6 7 8 9 10 11 12 13 14 | 14.0

Action                   |  1- 3 |  4- 6 |  7- 9 | 10-12 | 13-15 | 16-18 | 19-21 | 22-24 || total
-------------------------+-------+-------+-------+-------+-------+-------+-------+-------++-------
Melee: Long sword        |   118 |   167 |   578 |  1275 |   128 |       |       |       ||  2266
       Scimitar          |       |       |       |       |  1770 |  1300 |       |       ||  3070
       Double sword      |       |       |       |       |       |   800 |  1579 |   320 ||  2699
Invok: Heroism           |       |       |     1 |    25 |    31 |    28 |    29 |     5 ||   119
       Finesse           |       |       |       |     2 |     5 |     7 |    12 |     2 ||    28
 Abil: Evoke Flight      |       |       |       |       |     3 |       |       |       ||     3
       Stop Flying       |       |       |       |       |     1 |       |     1 |       ||     2
       Fly               |       |       |       |       |     1 |       |       |       ||     1
Evoke: Wand              |       |       |       |       |    13 |       |       |       ||    13
       Lightning rod     |       |       |       |       |     3 |       |       |       ||     3
       Condenser vane    |       |       |       |       |       |       |     4 |     1 ||     5
  Use: Scroll            |     5 |     8 |     4 |     4 |    14 |     9 |    14 |       ||    58
       Potion            |       |     1 |       |    13 |     2 |     1 |     8 |     1 ||    26
 Stab: Distracted        |       |       |       |       |       |       |       |     1 ||     1
Armor: Scale mail        |    59 |    71 |   200 |       |       |       |       |       ||   330
       Chain mail        |       |       |   122 |   202 |       |       |       |       ||   324
       Plate armour      |       |       |       |   324 |   820 |   940 |   758 |   129 ||  2971
Dodge: Dodged            |    26 |    41 |   143 |   205 |   402 |   420 |   374 |    41 ||  1652
       Repelled          |       |       |       |     2 |     4 |       |       |       ||     6
Block: Kite shield       |    76 |   157 |   593 |  1171 |  2037 |  2215 |  1663 |   290 ||  8202
       Reflection        |     3 |     2 |     4 |    29 |    32 |   157 |   118 |    18 ||   363
       Rpst.: Long sword |     8 |    13 |    42 |    56 |     9 |       |       |       ||   128
       Scimitar          |       |       |       |       |   105 |    52 |       |       ||   157
       Double sword      |       |       |       |       |       |    34 |    72 |    13 ||   119

Table legend: (Time is in decaauts)
 A = Elapsed time spent in this place.
 B = Non-inter-level travel time spent in this place.
 C = Inter-level travel time spent in this place.
 D = Time resting spent in this place.
 E = Time spent auto-exploring this place.
 F = Levels seen in this place.
 G = Mean time per level.
                   A        B        C        D        E       F      G
               +--------+--------+--------+--------+--------+-----+--------+
         Total |  49947 |  47860 |   2087 |   4303 |  30957 |  42 | 1189.2 |
       Dungeon |  19392 |  18365 |   1027 |   1829 |  11739 |  15 | 1292.8 |
        Temple |     74 |     61 |     13 |      0 |     53 |   1 |   74.0 |
          Lair |   8409 |   7946 |    463 |    310 |   6064 |   6 | 1401.5 |
         Swamp |   3609 |   3479 |    130 |    310 |   2250 |   4 |  902.2 |
     Snake Pit |   6746 |   6498 |    248 |    782 |   4182 |   4 | 1686.5 |
  Orcish Mines |   1383 |   1309 |     74 |      0 |    745 |   2 |  691.5 |
        Vaults |   5915 |   5848 |     67 |    378 |   3964 |   4 | 1478.8 |
        Depths |   2479 |   2415 |     64 |    451 |   1082 |   2 | 1239.5 |
         Abyss |     85 |     85 |      0 |      0 |      0 |   1 |   85.0 |
        Bazaar |    115 |    115 |      0 |      0 |      5 |   1 |  115.0 |
        Bailey |    625 |    625 |      0 |      0 |    348 |   1 |  625.0 |
      Gauntlet |   1109 |   1109 |      0 |    243 |    523 |   1 | 1109.0 |
               +--------+--------+--------+--------+--------+-----+--------+

Top non-repeatable levels by time:
    D:15: 2582 daAuts
    D:12: 2214 daAuts
  Lair:2: 2158 daAuts
    D:11: 2058 daAuts
 Snake:2: 2027 daAuts
Vaults:2: 1975 daAuts
Vaults:1: 1871 daAuts
     D:9: 1853 daAuts
 Snake:4: 1735 daAuts
Vaults:3: 1649 daAuts
  Lair:3: 1619 daAuts
 Snake:1: 1603 daAuts
  Lair:6: 1580 daAuts
Depths:1: 1579 daAuts
    D:13: 1474 daAuts
